[Event "WTCC-50 2018"]
[Site "Radebeul"]
[Date "2018.07.07"]
[Round "1"]
[White "Winnig, Bernd"]
[Black "Volke, Karsten"]
[Result "0-1"]
[ECO "A40"]
[WhiteElo "2002"]
[BlackElo "2474"]
[Annotator "ChessBase"]
[PlyCount "68"]
[EventDate "2018.07.07"]
[EventType "team-tourn"]
[EventCountry "GER"]
[SourceTitle "playchess.com"]
[Source "ChessBase"]
[SourceQuality "1"]
[TimeControl "40/5400+30:1800+30"]

1. d4 Nf6 2. c4 e6 3. g3 c5 4. Nf3 cxd4 5. Nxd4 Qc7 6. Qc2 Bc5 7. e3 Nc6 8. Nb5 Qb8 9. Bg2 a6 10. N5c3 O-O 11. O-O Be7 12. Nd2 b5 13. Nce4 Nxe4 14. Nxe4 bxc4 15. Qxc4 a5 16. Rd1 Ba6 17. Qa4 Ra7 18. Bf1 Bxf1 19. Kxf1 Qa8 20. f4 Rb7 21. Qc2 Rc8 22. Nc3 Bf6 23. Ne4 Nb4 24. Nxf6+ gxf6 25. Qg2 Rc2 26. Rd2 Qa6+ 27. Qe2 Qc6 28. Rxc2 Nxc2 29. Rb1 Qh1+ 30. Kf2 Qxh2+ 31. Kf3 Qh1+ 32. Kf2 Na3 33. Ra1 Rc7 34. bxa3 Rc2 0-1

[Event "WTCC-50 2018"]
[Site "Radebeul"]
[Date "2018.07.07"]
[Round "1"]
[White "Ounas, Abdelhak"]
[Black "Brueggemann, Joachim"]
[Result "0-1"]
[ECO "B33"]
[WhiteElo "1986"]
[BlackElo "2293"]
[Annotator "NA"]
[PlyCount "90"]
[EventDate "2018.07.07"]
[EventType "team-tourn"]
[EventCountry "GER"]
[SourceTitle "playchess.com"]
[Source "ChessBase"]
[SourceQuality "1"]
[TimeControl "40/5400+30:1800+30"]

1. e4 c5 2. Nf3 Nc6 3. d4 cxd4 4. Nxd4 Nf6 5. Nc3 e5 6. Ndb5 d6 7. Bg5 a6 8. Na3 b5 9. Nd5 Be7 10. Bxf6 Bxf6 11. c3 Bg5 12. h4 Bh6 13. g4 Bf4 14. Qf3 O-O 15. Nc2 Be6 16. Nxf4 Qf6 17. g5 Qxf4 18. Qxf4 exf4 19. Bh3 Bc4 20. Bf1 Ne5 21. O-O-O Bxa2 22. Rxd6 Rfd8 23. Rxd8+ Rxd8 24. Nd4 Be6 25. Kc2 Kf8 26. Be2 Ke7 27. h5 Rd6 28. Rh4 f3 29. Bf1 Bd7 30. Bh3 h6 31. gxh6 Rxh6 32. Bxd7 Kxd7 33. Nf5 Rh7 34. Rh3 Ke6 35. Rh1 Kf6 36. Ra1 Rxh5 37. Rxa6+ Kg5 38. Ra5 Rh2 39. Rxb5 Rxf2+ 40. Kd1 Kf4 41. b4 Rh2 42. Nd4 Rh1+ 43. Kd2 f2 44. Ne2+ Kg4 45. Rxe5 f1=Q 0-1

[Event "WTCC-50 2018"]
[Site "Radebeul"]
[Date "2018.07.07"]
[Round "1"]
[White "Kock, Hans Uwe"]
[Black "Ernst, Michael"]
[Result "1-0"]
[ECO "D40"]
[WhiteElo "1961"]
[BlackElo "2156"]
[Annotator "NA"]
[PlyCount "72"]
[EventDate "2018.07.07"]
[EventType "team-tourn"]
[EventCountry "GER"]
[SourceTitle "playchess.com"]
[Source "ChessBase"]
[SourceQuality "1"]
[TimeControl "40/5400+30:1800+30"]

1. d4 Nf6 2. c4 e6 3. Nf3 d5 4. Nc3 c5 5. Bg5 cxd4 6. Nxd4 Be7 7. cxd5 Nxd5 8. Bxe7 Nxe7 9. e3 Nbc6 10. Nxc6 Nxc6 11. Qxd8+ Kxd8 12. O-O-O+ Ke7 13. Be2 Bd7 14. Rd2 Rhd8 15. Rhd1 Be8 16. Bf3 Rxd2 17. Rxd2 Na5 18. b3 Rc8 19. Kb2 Bc6 20. Bxc6 Nxc6 21. f4 f5 22. Nb5 a6 23. Nd4 Nb4 24. Nf3 Nd5 25. Ne5 Rc7 26. Rd3 h6 27. h4 Kf6 28. h5 Ke7 29. Ng6+ Ke8 30. g4 fxg4 31. e4 Nf6 32. f5 exf5 33. exf5 Nxh5 34. Re3+ Kd8 35. Nf8 Re7 36. Ne6+ Ke8 1-0

[Event "WTCC-50 2018"]
[Site "Radebeul"]
[Date "2018.07.07"]
[Round "1"]
[White "Dieterle Bard, Bernhard"]
[Black "Arkell, Keith C"]
[Result "0-1"]
[ECO "B12"]
[WhiteElo "1960"]
[BlackElo "2406"]
[Annotator "NA"]
[PlyCount "52"]
[EventDate "2018.07.07"]
[EventType "team-tourn"]
[EventCountry "GER"]
[SourceTitle "playchess.com"]
[Source "ChessBase"]
[SourceQuality "1"]
[TimeControl "40/5400+30:1800+30"]

1. e4 c6 2. d4 d5 3. e5 c5 4. dxc5 Nc6 5. Bb5 e6 6. b4 Qh4 7. c3 Qe4+ 8. Qe2 Qxg2 9. Qf3 Qxf3 10. Nxf3 Bd7 11. Bxc6 Bxc6 12. a4 d4 13. Ke2 d3+ 14. Ke3 Ne7 15. Nbd2 Rd8 16. Rg1 Nd5+ 17. Kxd3 Nxb4+ 18. Kc4 Nd3 19. Ba3 Nxf2 20. Nd4 Bd5+ 21. Kb5 Nd3 22. N2f3 Rc8 23. c4 Bxf3 24. Nxf3 Bxc5 25. Rgd1 Bxa3 26. Rxa3 Rc5# 0-1

[Event "WTCC-50 2018"]
[Site "Radebeul"]
[Date "2018.07.07"]
[Round "1"]
[White "Hahn, Andreas"]
[Black "Findlay, Ian T"]
[Result "0-1"]
[ECO "B50"]
[WhiteElo "1863"]
[BlackElo "2244"]
[Annotator "NA"]
[PlyCount "78"]
[EventDate "2018.07.07"]
[EventType "team-tourn"]
[EventCountry "GER"]
[SourceTitle "playchess.com"]
[Source "ChessBase"]
[SourceQuality "1"]
[TimeControl "40/5400+30:1800+30"]

1. e4 c5 2. Nf3 d6 3. Bc4 Nc6 4. Nc3 g6 5. h3 Bg7 6. O-O Nf6 7. d3 O-O 8. a3 a6 9. Ne2 d5 10. exd5 Nxd5 11. c3 b5 12. Ba2 Bb7 13. Be3 Qd6 14. Qc2 Ne5 15. Nxe5 Qxe5 16. Bc1 Rad8 17. f4 Qd6 18. f5 Qe5 19. fxg6 hxg6 20. d4 cxd4 21. Nxd4 Ne3 22. Bxe3 Qxe3+ 23. Rf2 e6 24. Nf3 Bxf3 25. gxf3 Rd7 26. Qe4 Qc5 27. h4 Rd2 28. Raf1 Rxb2 29. Kg2 Qxa3 30. Bxe6 Rxf2+ 31. Kxf2 Qc5+ 32. Kg2 fxe6 33. Qxe6+ Kh7 34. Qxa6 Re8 35. Qb7 Re2+ 36. Kg3 Qe5+ 37. f4 Qxc3+ 38. Kg4 Re3 39. Rg1 Qc5 0-1

[Event "WTCC-50 2018"]
[Site "Radebeul"]
[Date "2018.07.10"]
[Round "4"]
[White "Levin, Felix"]
[Black "Bischoff, Klaus"]
[Result "1-0"]
[ECO "A41"]
[WhiteElo "2468"]
[BlackElo "2510"]
[Annotator "ChessBase"]
[PlyCount "99"]
[EventDate "2018.07.07"]
[EventType "team-tourn"]
[EventCountry "GER"]
[SourceTitle "playchess.com"]
[Source "ChessBase"]
[SourceQuality "1"]
[TimeControl "40/5400+30:1800+30"]

1. d4 d6 2. Nf3 g6 3. g3 Bg7 4. Bg2 c5 5. O-O cxd4 6. Nxd4 Qb6 7. Nb3 Qc7 8. e4 Nd7 9. Re1 a6 10. a4 Ngf6 11. Nc3 e6 12. a5 Ne5 13. Na4 Nfd7 14. Be3 Nc4 15. Bd4 e5 16. Bc3 Nf6 17. Bf1 Bg4 18. f3 Be6 19. Bxc4 Bxc4 20. Nb6 Rd8 21. Bb4 Be6 22. c4 h5 23. Qd3 Bf8 24. Bd2 Be7 25. Be3 Kf8 26. Rac1 Kg7 27. Nd2 h4 28. g4 Nh7 29. b4 Bg5 30. Nf1 Qe7 31. Nd5 Bxd5 32. cxd5 Qf6 33. Nd2 Rc8 34. Rc3 Bxe3+ 35. Rxe3 Rxc3 36. Qxc3 Qf4 37. Nf1 Ng5 38. Kg2 Nxf3 39. Rxf3 Qxg4+ 40. Kf2 Qxe4 41. Ne3 Rf8 42. Qc4 Qb1 43. Qxh4 Qb2+ 44. Kg1 e4 45. Nf5+ Kg8 46. Qxe4 Qc1+ 47. Rf1 Qg5+ 48. Ng3 f5 49. Qe6+ Kg7 50. Kh1 1-0

[Event "WTCC-50 2018"]
[Site "Radebeul"]
[Date "2018.07.10"]
[Round "4"]
[White "Tischbierek, Raj"]
[Black "Meister, Jakob"]
[Result "0-1"]
[ECO "B40"]
[WhiteElo "2436"]
[BlackElo "2432"]
[Annotator "ChessBase"]
[PlyCount "106"]
[EventDate "2018.07.07"]
[EventType "team-tourn"]
[EventCountry "GER"]
[SourceTitle "playchess.com"]
[Source "ChessBase"]
[SourceQuality "1"]
[TimeControl "40/5400+30:1800+30"]

1. e4 c5 2. Nf3 e6 3. d4 cxd4 4. Nxd4 Nf6 5. Nc3 Nc6 6. Nxc6 bxc6 7. e5 Nd5 8. Ne4 Qa5+ 9. c3 f5 10. Nd2 Ba6 11. Bxa6 Qxa6 12. c4 Nb6 13. b3 Bb4 14. Bb2 Qa5 15. a3 Bc3 16. Bxc3 Qxc3 17. f4 Qe3+ 18. Qe2 Qxf4 19. Nf3 Qe4 20. a4 Qxe2+ 21. Kxe2 a5 22. Kd3 c5 23. Kc3 Nc8 24. Rad1 Ne7 25. Rd6 Nc6 26. Rhd1 Ra7 27. Rxc6 dxc6 28. Rd6 O-O 29. Rxc6 h6 30. h4 g5 31. hxg5 hxg5 32. Nxg5 Rg7 33. Nxe6 Rg3+ 34. Kd2 Re8 35. Ke2 Rxb3 36. Nxc5 Rxe5+ 37. Kf2 Ra3 38. Nd7 Ra2+ 39. Kf3 Re1 40. Kf4 Rxg2 41. Kxf5 Rf2+ 42. Kg4 Rg1+ 43. Kh3 Kg7 44. Rc5 Rf7 45. Kh2 Re1 46. Rg5+ Kh6 47. Rd5 Re2+ 48. Kg3 Re3+ 49. Kg2 Ra3 50. Nb6 Rf6 51. c5 Rc3 52. Nd7 Rf4 53. Rd6+ Kg7 0-1

[Event "WTCC-50 2018"]
[Site "Radebeul"]
[Date "2018.07.10"]
[Round "4"]
[White "Arkell, Keith C"]
[Black "Kudrin, Sergey"]
[Result "1/2-1/2"]
[ECO "A48"]
[WhiteElo "2406"]
[BlackElo "2468"]
[Annotator "ChessBase"]
[PlyCount "29"]
[EventDate "2018.07.07"]
[EventType "team-tourn"]
[EventCountry "GER"]
[SourceTitle "playchess.com"]
[Source "ChessBase"]
[SourceQuality "1"]
[TimeControl "40/5400+30:1800+30"]

1. d4 Nf6 2. Nf3 g6 3. c4 Bg7 4. Nc3 d5 5. cxd5 Nxd5 6. g3 Nb6 7. Bg2 Nc6 8. e3 O-O 9. O-O Re8 10. b3 e5 11. Nxe5 Nxe5 12. dxe5 Qxd1 13. Rxd1 Bxe5 14. Bb2 c6 15. Rd2 1/2-1/2

[Event "WTCC-50 2018"]
[Site "Radebeul"]
[Date "2018.07.10"]
[Round "4"]
[White "Schulz, Klaus-Juergen"]
[Black "Paehtz, Thomas"]
[Result "1/2-1/2"]
[ECO "A46"]
[WhiteElo "2324"]
[BlackElo "2347"]
[Annotator "NA"]
[PlyCount "22"]
[EventDate "2018.07.07"]
[EventType "team-tourn"]
[EventCountry "GER"]
[SourceTitle "playchess.com"]
[Source "ChessBase"]
[SourceQuality "1"]
[TimeControl "40/5400+30:1800+30"]

1. d4 Nf6 2. Nf3 c5 3. e3 g6 4. c4 cxd4 5. exd4 d5 6. cxd5 Bg7 7. Bb5+ Nbd7 8. d6 exd6 9. Qe2+ Qe7 10. Bf4 Qxe2+ 11. Bxe2 d5 1/2-1/2

[Event "WTCC-50 2018"]
[Site "Radebeul"]
[Date "2018.07.10"]
[Round "4"]
[White "Lewis, Andrew P"]
[Black "Preuss, Heiko"]
[Result "1-0"]
[ECO "A21"]
[WhiteElo "2298"]
[BlackElo "2235"]
[Annotator "NA"]
[PlyCount "39"]
[EventDate "2018.07.07"]
[EventType "team-tourn"]
[EventCountry "GER"]
[SourceTitle "playchess.com"]
[Source "ChessBase"]
[SourceQuality "1"]
[TimeControl "40/5400+30:1800+30"]

1. c4 e5 2. Nc3 g6 3. d4 Bg7 4. dxe5 Bxe5 5. Nf3 Bg7 6. Bg5 f6 7. Bh4 d6 8. e4 Ne7 9. c5 dxc5 10. Qxd8+ Kxd8 11. e5 g5 12. exf6 Bxf6 13. Bxg5 Nd7 14. O-O-O Rf8 15. Ne4 Ke8 16. Bb5 c6 17. Bc4 Bxg5+ 18. Nfxg5 Ne5 19. Nd6+ Kd8 20. Ndf7+ 1-0

[Event "WTCC-50 2018"]
[Site "Radebeul"]
[Date "2018.07.10"]
[Round "4"]
[White "Brueggemann, Joachim"]
[Black "Wolf, Volker"]
[Result "1-0"]
[ECO "C41"]
[WhiteElo "2293"]
[BlackElo "2323"]
[Annotator "NA"]
[PlyCount "73"]
[EventDate "2018.07.07"]
[EventType "team-tourn"]
[EventCountry "GER"]
[SourceTitle "playchess.com"]
[Source "ChessBase"]
[SourceQuality "1"]
[TimeControl "40/5400+30:1800+30"]

1. e4 d6 2. d4 Nf6 3. Nc3 e5 4. Nf3 Nbd7 5. Bc4 Be7 6. O-O O-O 7. Re1 a6 8. a4 h6 9. Ba2 b6 10. h3 Bb7 11. d5 Nh7 12. Ne2 Nc5 13. Nc3 a5 14. Bc4 Kh8 15. Be3 Bc8 16. Bd3 Bd7 17. Ra3 Nxd3 18. Qxd3 f5 19. exf5 Bxf5 20. Qe2 Nf6 21. Rd1 Qd7 22. Nh2 Rae8 23. Nf1 Bd8 24. Ng3 Bg6 25. Rd2 Qf7 26. Qb5 Qg8 27. b4 axb4 28. Qxb4 Qh7 29. Qc4 Rf7 30. a5 bxa5 31. Rxa5 Ref8 32. Ra8 Kg8 33. Qa4 h5 34. Bg5 Nxd5 35. Rxd8 Nxc3 36. Rxf8+ Rxf8 37. Qc4+ 1-0

[Event "WTCC-50 2018"]
[Site "Radebeul"]
[Date "2018.07.10"]
[Round "4"]
[White "Weitzer, Steffen"]
[Black "Rudolf, Matthias"]
[Result "1-0"]
[ECO "C10"]
[WhiteElo "2288"]
[BlackElo "2102"]
[Annotator "NA"]
[PlyCount "69"]
[EventDate "2018.07.07"]
[EventType "team-tourn"]
[EventCountry "GER"]
[SourceTitle "playchess.com"]
[Source "ChessBase"]
[SourceQuality "1"]
[TimeControl "40/5400+30:1800+30"]

1. e4 e6 2. d4 d5 3. Nc3 Nc6 4. Nf3 Nf6 5. e5 Ne4 6. Bd3 Bb4 7. O-O Nxc3 8. bxc3 Bxc3 9. Rb1 Bb4 10. Ng5 Be7 11. Qh5 g6 12. Qh6 Bf8 13. Qh3 h6 14. c3 b6 15. Re1 Be7 16. f4 Bf8 17. Kh1 Qd7 18. f5 gxf5 19. Bxf5 hxg5 20. Qxh8 exf5 21. Ba3 Ne7 22. e6 fxe6 23. Qh5+ Kd8 24. Qxg5 c5 25. Qf6 Qe8 26. Re3 Kc7 27. dxc5 Bd7 28. c4 Qg6 29. Qe5+ Kb7 30. cxb6 axb6 31. Rxb6+ Kxb6 32. Rb3+ Ka6 33. Qc7 e5 34. Qb7+ Ka5 35. Rb5+ 1-0

[Event "WTCC-50 2018"]
[Site "Radebeul"]
[Date "2018.07.10"]
[Round "4"]
[White "Denk, Adolf"]
[Black "Sirotkina, Nina"]
[Result "1/2-1/2"]
[ECO "E11"]
[WhiteElo "2262"]
[BlackElo "2175"]
[Annotator "NA"]
[PlyCount "43"]
[EventDate "2018.07.07"]
[EventType "team-tourn"]
[EventCountry "GER"]
[SourceTitle "playchess.com"]
[Source "ChessBase"]
[SourceQuality "1"]
[TimeControl "40/5400+30:1800+30"]

1. d4 Nf6 2. Nf3 e6 3. c4 Bb4+ 4. Nbd2 b6 5. a3 Bxd2+ 6. Qxd2 Bb7 7. e3 O-O 8. Be2 d6 9. O-O Nbd7 10. b3 Qe7 11. Bb2 a5 12. Rad1 Rfd8 13. Qc1 Ne4 14. Ne1 e5 15. f3 Nef6 16. Nc2 Nf8 17. dxe5 dxe5 18. Rxd8 Rxd8 19. Rd1 Rxd1+ 20. Qxd1 N6d7 21. Qd2 Ne6 22. b4 1/2-1/2

[Event "WTCC-50 2018"]
[Site "Radebeul"]
[Date "2018.07.10"]
[Round "4"]
[White "Schoene, Ralf"]
[Black "Wong, Meng Kong"]
[Result "1/2-1/2"]
[ECO "D58"]
[WhiteElo "2256"]
[BlackElo "2248"]
[Annotator "NA"]
[PlyCount "122"]
[EventDate "2018.07.07"]
[EventType "team-tourn"]
[EventCountry "GER"]
[SourceTitle "playchess.com"]
[Source "ChessBase"]
[SourceQuality "1"]
[TimeControl "40/5400+30:1800+30"]

1. d4 d5 2. c4 e6 3. Nc3 Be7 4. Nf3 Nf6 5. Bg5 O-O 6. e3 h6 7. Bh4 b6 8. Be2 Bb7 9. Bxf6 Bxf6 10. cxd5 exd5 11. b4 c6 12. O-O Qd6 13. Qb3 Nd7 14. a4 {[%emt 0:05:09] D58: Queen's Gambit Declined: Tartakower Defence} (14. Rfd1 a6 15. a4 a5 16. bxa5 Rxa5 17. g3 Ba6 18. Bxa6 Rxa6 19. Rac1 Be7 20. Qc2 Rc8 21. Kg2 Qe6 22. Rb1 {½-½ (32) Istratescu,A (2589)-Szabo,G (2541) Olanesti 2018}) 14... a5 15. b5 c5 16. Rfd1 Rac8 17. Na2 $146 ({Predecessor:} 17. Rac1 c4 18. Qc2 Rfe8 19. Nd2 Qe6 {1-0 (54) Belc,D-Marin,I (2261) Romania 1992}) 17... Rfe8 18. Bf1 g6 19. Rac1 Bg7 20. g3 c4 21. Qc2 Rc7 22. Nc3 f5 23. Bg2 Nf6 24. Ne5 Ne4 25. f4 h5 26. Nxe4 fxe4 27. Bh3 Bc8 28. Bxc8 Rexc8 29. Nc6 Qa3 30. Kf2 Bf8 31. Ra1 Qd6 32. Kg1 Rxc6 33. bxc6 Qxc6 34. Rf1 Qf6 35. Ra2 Rc7 36. Qd1 Qf5 37. Kg2 Bb4 38. h3 Rh7 39. Rh1 Qf6 40. Rf2 Kf7 41. g4 h4 42. Kf1 Rh8 43. Rg1 Rh7 44. g5 Qf5 45. Rg4 Kg8 46. Ra2 Qd7 47. Kg1 b5 48. Kf1 bxa4 49. Qxa4 Qxa4 50. Rxa4 Rc7 51. Ra2 c3 52. Rgg2 Kf8 53. Rgc2 Ke8 54. Ke1 Kd7 55. Kd1 Kc6 56. Rf2 Rf7 57. Kc2 Kb5 $18 (57... Kd7 $16 58. f5 Rxf5 59. Rxf5 gxf5) 58. Rf1 a4 59. Rfa1 Ra7 60. Rf1 Rf7 61. Rfa1 Ra7 1/2-1/2

[Event "WTCC-50 2018"]
[Site "Radebeul"]
[Date "2018.07.10"]
[Round "4"]
[White "Kryukova, Irina"]
[Black "Wallner, Joachim"]
[Result "0-1"]
[ECO "B86"]
[WhiteElo "2249"]
[BlackElo "2311"]
[Annotator "NA"]
[PlyCount "68"]
[EventDate "2018.07.07"]
[EventType "team-tourn"]
[EventCountry "GER"]
[SourceTitle "playchess.com"]
[Source "ChessBase"]
[SourceQuality "1"]
[TimeControl "40/5400+30:1800+30"]

1. e4 c5 2. Nf3 e6 3. d4 cxd4 4. Nxd4 Nf6 5. Nc3 d6 6. Bc4 a6 7. Bb3 Nbd7 8. O-O Nc5 9. Re1 Be7 10. f4 O-O 11. f5 Nxb3 12. axb3 Qc7 13. Qf3 e5 14. Nde2 b5 15. Bg5 Bb7 16. Bxf6 Bxf6 17. b4 Qc4 18. Ng3 Bd8 19. Nh5 f6 20. Kh1 Qxb4 21. Rad1 Ba5 22. Re3 Qxb2 23. Ne2 Rf7 24. Qg4 Bb4 25. Rb3 Qxc2 26. Rbd3 a5 27. Neg3 a4 28. Nf1 Qc4 29. Nhg3 a3 30. Ne3 Qc8 31. Rb3 a2 32. Rxb4 a1=Q 33. Rxa1 Rxa1+ 34. Nef1 Qc3 0-1

[Event "WTCC-50 2018"]
[Site "Radebeul"]
[Date "2018.07.10"]
[Round "4"]
[White "Schweitzer, Andreas"]
[Black "Fraser-Mitchell, Jeremy N"]
[Result "1-0"]
[ECO "C00"]
[WhiteElo "2239"]
[BlackElo "2060"]
[Annotator "NA"]
[PlyCount "59"]
[EventDate "2018.07.07"]
[EventType "team-tourn"]
[EventCountry "GER"]
[SourceTitle "playchess.com"]
[Source "ChessBase"]
[SourceQuality "1"]
[TimeControl "40/5400+30:1800+30"]

1. e4 e6 2. d4 d5 3. Bd3 dxe4 4. Bxe4 Nf6 5. Bf3 Be7 6. Ne2 O-O 7. Nbc3 c6 8. O-O Nbd7 9. Bf4 Nb6 10. Qd3 Nbd5 11. Be5 b6 12. Ne4 Bb7 13. c4 Nc7 14. Rad1 Rc8 15. Rfe1 Nce8 16. N2c3 Nxe4 17. Bxe4 g6 18. Qg3 Ng7 19. Qh3 Bd6 20. c5 Bxe5 21. dxe5 Qe7 22. Qe3 Qc7 23. Bc2 f5 24. exf6 Rxf6 25. Ne4 Rff8 26. Nd6 Rcd8 27. Bb3 bxc5 28. Bxe6+ Nxe6 29. Qxe6+ Kh8 30. Nf7+ 1-0

[Event "WTCC-50 2018"]
[Site "Radebeul"]
[Date "2018.07.10"]
[Round "4"]
[White "Pieper, Thomas"]
[Black "Page, Mark E"]
[Result "1-0"]
[ECO "B96"]
[WhiteElo "2208"]
[BlackElo "2139"]
[Annotator "RC"]
[PlyCount "111"]
[EventDate "2018.07.07"]
[EventType "team-tourn"]
[EventCountry "GER"]
[SourceTitle "playchess.com"]
[Source "ChessBase"]
[SourceQuality "1"]
[TimeControl "40/5400+30:1800+30"]

1. e4 c5 2. Nf3 d6 3. d4 cxd4 4. Nxd4 Nf6 5. Nc3 a6 6. Bg5 e6 7. f4 Nc6 8. Nxc6 bxc6 9. e5 h6 10. Bh4 g5 11. fxg5 Nd5 12. Ne4 Qb6 13. Bd3 hxg5 14. Bxg5 Qxb2 15. Nf6+ Nxf6 16. Bxf6 Qb4+ 17. Qd2 Qxd2+ 18. Kxd2 Rg8 19. Be4 d5 20. Bf3 Be7 21. Bxe7 Kxe7 22. Rab1 f6 23. exf6+ Kxf6 24. Rb6 Bd7 25. h4 Ke7 26. c4 Kd6 27. Kc3 Kc5 28. Rb7 Rad8 29. Re1 Bc8 30. Rf7 Rdf8 31. Rxf8 Rxf8 32. h5 Rf4 33. cxd5 cxd5 34. Kd3 Kd6 35. Ke3 e5 36. g3 Ra4 37. Re2 Ra3+ 38. Kf2 e4 39. Bg2 Bf5 40. h6 Ke5 41. Rb2 d4 42. g4 Bh7 43. Rb7 Rxa2+ 44. Kg3 Ra3+ 45. Kh2 Bg6 46. Rg7 Kf6 47. g5+ Kf5 48. Bxe4+ Kxe4 49. Rxg6 Ra2+ 50. Kg3 Ra3+ 51. Kg4 d3 52. Re6+ Kd5 53. Re8 d2 54. Rd8+ Ke6 55. Rxd2 Kf7 56. Rd7+ 1-0

[Event "WTCC-50 2018"]
[Site "Radebeul"]
[Date "2018.07.10"]
[Round "4"]
[White "Rohrmueller, Ulrich"]
[Black "Rewitz, Jan"]
[Result "1/2-1/2"]
[ECO "A48"]
[WhiteElo "2205"]
[BlackElo "2055"]
[Annotator "NA"]
[PlyCount "85"]
[EventDate "2018.07.07"]
[EventType "team-tourn"]
[EventCountry "GER"]
[SourceTitle "playchess.com"]
[Source "ChessBase"]
[SourceQuality "1"]
[TimeControl "40/5400+30:1800+30"]

1. Nf3 Nf6 2. d4 g6 3. Bf4 Bg7 4. e3 d6 5. h3 O-O 6. Be2 c5 7. c3 cxd4 8. exd4 Nd5 9. Bh2 Bh6 10. O-O Nf4 11. Bc4 Nc6 12. Re1 Qc7 13. Na3 a6 14. Bf1 b5 15. Nc2 e5 16. a4 Rb8 17. axb5 axb5 18. Ne3 Ne7 19. Ng4 Bxg4 20. hxg4 Bg7 21. Bxf4 exf4 22. Qb3 Nc6 23. Qd5 b4 24. Ra6 Rbc8 25. c4 b3 26. Ra4 Qd7 27. c5 Nb8 28. Qxb3 dxc5 29. dxc5 Rxc5 30. Rxf4 Nc6 31. Rd1 Qc7 32. Qe3 Ne5 33. Nxe5 Rxe5 34. Qd3 Rc5 35. Rc4 Rxc4 36. Qxc4 Qxc4 37. Bxc4 Bxb2 38. Rd7 h6 39. g3 Kg7 40. Kg2 Bf6 41. f4 Bc3 42. Kf3 Bf6 43. Rb7 1/2-1/2

[Event "WTCC-50 2018"]
[Site "Radebeul"]
[Date "2018.07.10"]
[Round "4"]
[White "Polster, Wolfgang"]
[Black "Casper, Thomas"]
[Result "1/2-1/2"]
[ECO "C09"]
[WhiteElo "2203"]
[BlackElo "2354"]
[Annotator "NA"]
[PlyCount "85"]
[EventDate "2018.07.07"]
[EventType "team-tourn"]
[EventCountry "GER"]
[SourceTitle "playchess.com"]
[Source "ChessBase"]
[SourceQuality "1"]
[TimeControl "40/5400+30:1800+30"]

1. e4 e6 2. d4 d5 3. Nd2 c5 4. Ngf3 Nc6 5. exd5 exd5 6. Bb5 Bd6 7. O-O Nge7 8. c4 a6 9. cxd5 axb5 10. dxc6 Nxc6 11. dxc5 Bxc5 12. Ne4 Qxd1 13. Rxd1 Be7 14. Bf4 O-O 15. Bd6 Bxd6 16. Nxd6 b4 17. h3 h6 18. Rd2 Ra7 19. b3 Be6 20. Rc1 Rd8 21. Rcc2 Kf8 22. g4 g6 23. Kh2 Ke7 24. Nb5 Rxd2 25. Rxd2 Ra5 26. Nfd4 Bd7 27. Re2+ Kf8 28. Kg3 Ne7 29. Nc7 Nc6 30. Nf3 Rc5 31. Rd2 Bc8 32. Nd5 Be6 33. Nf4 Bc8 34. Nd4 Ke7 35. f3 Ra5 36. Nfe2 Be6 37. Nxe6 Kxe6 38. f4 Rc5 39. Kf3 Ra5 40. Ke4 f5+ 41. gxf5+ gxf5+ 42. Ke3 Rc5 {[%emt 0:03:06] Ke4 Ke5+} 43. Kf3 1/2-1/2

[Event "WTCC-50 2018"]
[Site "Radebeul"]
[Date "2018.07.10"]
[Round "4"]
[White "Pedersen, Gunnar"]
[Black "Grawe, Christian"]
[Result "1/2-1/2"]
[ECO "D15"]
[WhiteElo "2201"]
[BlackElo "2231"]
[Annotator "NA"]
[PlyCount "31"]
[EventDate "2018.07.07"]
[EventType "team-tourn"]
[EventCountry "GER"]
[SourceTitle "playchess.com"]
[Source "ChessBase"]
[SourceQuality "1"]
[TimeControl "40/5400+30:1800+30"]

1. d4 Nf6 2. Nf3 d5 3. c4 c6 4. Nc3 dxc4 5. e4 b5 6. e5 Nd5 7. a4 e6 8. Ng5 Be7 9. Nge4 b4 10. Nb1 Ba6 11. Nbd2 c3 12. Nc4 cxb2 13. Bxb2 O-O 14. Rc1 Nd7 15. Be2 N7b6 16. Nxb6 1/2-1/2

[Event "WTCC-50 2018"]
[Site "Radebeul"]
[Date "2018.07.10"]
[Round "4"]
[White "Schoeneberg, Manfred"]
[Black "Hutschenreiter, Joerg"]
[Result "1/2-1/2"]
[ECO "B53"]
[WhiteElo "2199"]
[BlackElo "2023"]
[Annotator "NA"]
[PlyCount "23"]
[EventDate "2018.07.07"]
[EventType "team-tourn"]
[EventCountry "GER"]
[SourceTitle "playchess.com"]
[Source "ChessBase"]
[SourceQuality "1"]
[TimeControl "40/5400+30:1800+30"]

1. e4 c5 2. Nf3 d6 3. d4 cxd4 4. Qxd4 a6 5. Be3 Nf6 6. Nc3 e5 7. Qd2 Be7 8. Bg5 Nbd7 9. Bd3 h6 10. Bxf6 Nxf6 11. h3 O-O 12. O-O 1/2-1/2

[Event "WTCC-50 2018"]
[Site "Radebeul"]
[Date "2018.07.10"]
[Round "4"]
[White "Fatalibekova, Elena"]
[Black "Druckenthaner, Andreas"]
[Result "1/2-1/2"]
[ECO "B00"]
[WhiteElo "2195"]
[BlackElo "2296"]
[Annotator "NA"]
[PlyCount "50"]
[EventDate "2018.07.07"]
[EventType "team-tourn"]
[EventCountry "GER"]
[SourceTitle "playchess.com"]
[Source "ChessBase"]
[SourceQuality "1"]
[TimeControl "40/5400+30:1800+30"]

1. e4 Nc6 2. Nf3 d6 3. d4 Nf6 4. Nc3 g6 5. Be2 Bg7 6. h3 O-O 7. Be3 a6 8. O-O e5 9. dxe5 Nxe5 10. Nxe5 dxe5 11. Qxd8 Rxd8 12. Rfd1 Be6 13. a4 h6 14. a5 Bf8 15. f3 Kh7 16. Na4 Nd7 17. c3 Bb3 18. Rd2 Nf6 19. Kf2 Rxd2 20. Bxd2 Rd8 21. Be3 Nd7 22. Bd1 Be6 23. Bc2 Nc5 24. Nxc5 Bxc5 25. Rd1 Rxd1 1/2-1/2